 Dungeon Sprint DCSS version 0.27-a0-1139-g28e009f8a6 (webtiles) character file.

Game seed: 11432275723493571599

138 Zeld the Firebug (level 5, 0/35 HPs)
             Began as an Octopode Fire Elementalist on May 7, 2021.
             Was a Follower of Sif Muna.
             Killed from afar by an air elemental (6 damage)
             ... with a tornado
             ... in the Dungeon (Sprint V: "Ziggurat Sprint").
             The game lasted 00:01:20 (641 turns).

Zeld the Firebug (Octopode Fire Elementalist)        Turns: 641, Time: 00:01:22

Health: 0/35       AC:  5    Str:  7    XL:     5   Next: 21%
Magic:  2/12       EV: 14    Int: 31    God:    Sif Muna [*.....]
Gold:   0          SH:  0    Dex: 12    Spells: 0/13 levels left

rFire    . . .     SeeInvis .   (no weapon)
rCold    . . .     Faith    .   (no shield)
rNeg     . . .     Spirit   .   (helmet restricted)
rPois    .         Reflect  .   (no amulet)
rElec    .         Harm     .   y - +6 ring of intelligence
rCorr    .         Rampage  .   x - +6 ring of intelligence
Will     .....     NoTele   +   p - +4 ring of protection
Stlth    +++.......             (no ring)
HPRegen  0.11/turn              (no ring)
MPRegen  0.13/turn              (no ring)
                                (no ring)
                                (no ring)

@: flying (expiring)
A: almost no armour, amphibious, 8 rings, camouflage 1, gelatinous body 1,
(nimble swimmer 1), tentacles
a: Renounce Religion, Channel Magic


You were in the Dungeon.
You worshipped Sif Muna.
Sif Muna was aware of your devotion.
You visited 1 branch

Inventory:

Armour
 a - a +3 tower shield
Jewellery
 p - a +4 ring of protection (on tentacle)
 x - a +6 ring of intelligence (right tentacle)
 y - a +6 ring of intelligence (left tentacle)
Wands
 r - a wand of mindburst (7)
 s - a wand of iceblast (6)
 t - a wand of acid (7)
Scrolls
 g - 4 scrolls of blinking
 h - 4 scrolls of amnesia
 i - 7 scrolls of fog
 j - a scroll of holy word
 k - 5 scrolls of identify
 l - 2 scrolls of fear
Potions
 b - 10 potions of curing
 c - 10 potions of heal wounds
 d - 6 potions of haste
 e - 7 potions of magic
 f - 3 potions of berserk rage
 m - 2 potions of brilliance
 n - 2 potions of invisibility
 o - 4 potions of resistance
 q - 5 potions of might
Miscellaneous
 B - a lightning rod (4/4)


   Skills:
 + Level 2.5 Fighting
 + Level 3.5 Dodging
 - Level 2.6 Stealth
 + Level 4.7 Spellcasting
 + Level 4.6 Conjurations
 * Level 7.4 Fire Magic
 * Level 4.3 Invocations


You couldn't memorise any spells.
You knew the following spells:

 Your Spells              Type           Power      Damage    Failure   Level
a - Foxfire               Conj/Fire      100%       2x1d9     1%          1
b - Conjure Flame         Conj/Fire      44%        6-21      1%          3
c - Sticky Flame          Conj/Fire      44%        2d6       4%          4
d - Fireball              Conj/Fire      22%        3d10      13%         5

Your spell library contained the following spells:

 Spells                   Type           Power      Damage    Failure   Level
 Inner Flame              Hex/Fire       30%        N/A       3%          3


Dungeon Overview and Level Annotations

Branches:
Dungeon (1/1)

Altars:
Ashenzari
Cheibriados
Dithmenos
Elyvilon
Fedhas
Gozag
Hepliaklqana
Kikubaaqudgha
Makhleb
Nemelex Xobeh
Okawaru
Qazlal
Ru
Sif Muna
Trog
Uskayaw
Vehumet
Wu Jian
Xom
Yredelemnul
Zin
The Shining One
Beogh
Jiyva
Lugonu

Annotations:
D 1 transporter


Innate Abilities, Weirdness & Mutations

You cannot wear most types of armour.
You are amphibious.
You can wear up to eight rings at the same time.
Your skin changes colour to match your surroundings (Stealth+).
Your rubbery body absorbs attacks. (AC +1, EV +1)
((You are camouflaged near water. (Stealth+)))
You have tentacles for arms and can constrict up to eight enemies at once.


Message History

Casting: Fireball (extremely dangerous; 13% risk of failure)
Confirm with . or Enter, or press ? or * to list all spells.
The spell is extremely dangerous to cast (13% risk of failure)!
Continue anyway?
Aiming: Fireball (extremely dangerous; 13% risk of failure)
Press: ? - help, Shift-Dir - straight line, p - air elemental The fireball explodes!
The fireball engulfs the air elemental!
The air elemental is heavily damaged.
The fireball engulfs the air elemental!
The air elemental is almost destroyed.
A vortex of raging winds appears around the air elemental! x2
The air elemental barely misses you.
Unknown command.
Blink to where?
Press: ? - help, Dir - move target Really blink into that cloud of raging winds?
Okay, then.
Blink to where?
Press: ? - help, Dir - move target, f - you
Okay, then.
Unknown command.
Unknown command.
Okay, then.
Okay, then.
Aiming: Iceblast
Press: ? - help, Shift-Dir - straight line, f - air elemental
Aim: an air elemental (raging winds, moderately damaged) That beam is likely to hit you.
Continue anyway?
The mass of ice explodes!
The iceblast engulfs the air elemental!
The air elemental is almost destroyed.
The iceblast engulfs the air elemental!
The air elemental is almost destroyed.
The iceblast engulfs the air elemental.
The air elemental is almost destroyed.
The iceblast engulfs the air elemental!
The air elemental is heavily damaged.
The iceblast engulfs you!
The vortex of raging winds lifts you up.
You fly up into the air.
* * * LOW HITPOINT WARNING * * *
You die...

▓▓▓▓▓▓▓▓▓▓▓▓▓▓▓▓▓▓▓
▓§8§8§▓.8©8.▓.8©8.▓
▓§§§§§▓.).[.▓.....▓
▓§§§§§▓.....▓.[.).▓
▓§§§E§▓.....▓.....▓
▓§§E@§▓.....▓.....▓
▓§E§§§▓.....▓..©..▓
▓§§E§§▓..©..▓▓▓▓▓▓▓
▓▓▓▓▓▓▓▓▓▓▓▓▓


You could see 4 air elementals.

Vanquished Creatures
  An ice beast (D)
  A jelly (D)
  A white imp (D)
  2 endoplasms (D)
5 creatures vanquished.

Vanquished Creatures (others)
  11 foxfires (D)
11 creatures vanquished.

Grand Total: 16 creatures vanquished

Notes
Turn   | Place    | Note
-------+----------+-------------------------------------------
     0 | D        | Zeld the Octopode Fire Elementalist began the quest for the
                  | Orb.
     0 | D        | Reached XP level 1. HP: 11/11 MP: 3/3
     0 | D        | Found a blossoming altar of Fedhas.
     1 | D        | Found the +6 Majin-Bo {vamp, MP+6 Int+6}
     1 | D        | Found the +9 heavy crossbow "Sniper" {vorpal, Acc+∞ SInv}
     1 | D        | Found the +10 dark maul {vorpal}
     1 | D        | Found the +15 Maxwell's patent armour {-Cast -Tele rElec
                  | Will+ rCorr}
     1 | D        | Found the +18 shield of the Gong {rElec rN+ Will+ EV-5}
     1 | D        | Found the +14 obsidian axe {vorpal, Drain Fly SInv}
     1 | D        | Found the +7 great mace "Firestarter" {inner flame, rF++}
     1 | D        | Found the +6 shillelagh "Devastator" {shatter}
     1 | D        | Found the +11 plutonium sword {Contam Stlth-}
     1 | D        | Found the +8 lance "Wyrmbane" {slay drac, rPois rF+ rC+
                  | AC+3}
     1 | D        | Found the +9 sword of Zonguldrok {reap}
     1 | D        | Found the +13 scythe of Curses {drain, Drain}
     1 | D        | Found the +5 sword of Power {vorpal}
     1 | D        | Found the +7 mace of Variability {chain chaos}
     1 | D        | Found the +7 Singing Sword {vorpal, sonic wave}
     1 | D        | Found the +8 storm bow {elec, penet}
     2 | D        | Found a viscous altar of Jiyva.
     2 | D        | Found a transporter.
     2 | D        | Found a hazy altar of Hepliaklqana.
     2 | D        | Found an ancient bone altar of Kikubaaqudgha.
     2 | D        | Found an opulent altar of Gozag.
     2 | D        | Found a corrupted altar of Lugonu.
    18 | D        | Found a burning altar of Makhleb.
    19 | D        | Found a sacrificial altar of Ru.
    19 | D        | Found a shimmering blue altar of Sif Muna.
    19 | D        | Found a stormy altar of Qazlal.
    19 | D        | Found a bloodstained altar of Trog.
    19 | D        | Found an iron altar of Okawaru.
    19 | D        | Found a sparkling altar of Nemelex Xobeh.
    45 | D        | Became a worshipper of Sif Muna the Loreminder
    56 | D        | Reached skill level 6 in Fire Magic
    56 | D        | Reached XP level 2. HP: 17/17 MP: 3/6
   127 | D        | Entered arena 2.
   127 | D        | Noticed an ice beast
   127 | D        | Found a transporter.
   130 | D        | Killed an ice beast
   131 | D        | Reached skill level 7 in Fire Magic
   131 | D        | Reached XP level 3. HP: 10/24 MP: 7/9
   131 | D        | Reached XP level 4. HP: 13/29 MP: 7/10
   135 | D        | Learned a level 3 spell: Conjure Flame
   140 | D        | Learned a level 4 spell: Sticky Flame
   567 | D        | Entered arena 3.
   567 | D        | Found a transporter.
   569 | D        | Reached * piety under Sif Muna
   574 | D        | Reached XP level 5. HP: 35/35 MP: 4/12
   637 | D        | Learned a level 5 spell: Fireball
   638 | D        | Entered arena 4.
   638 | D        | Noticed an air elemental
   638 | D        | Noticed an air elemental
   638 | D        | Noticed an air elemental
   638 | D        | Noticed an air elemental
   638 | D        | Found a transporter.
   641 | D        | Killed from afar by an air elemental

Illustrated notes

Levels and vault maps discovered:
D:        sprint_v [room_start, room_1, room_2, room_3, room_4, room_5, room_6,
          room_7, room_8, room_9, room_10, room_11, room_12, room_13, room_14,
          room_15, room_16, room_17, room_18, room_19, room_20, room_21,
          room_22, room_23, room_24, room_25, room_26, room_27]

Skill      XL: |  1  2  3  4 |
---------------+-------------+-----
Spellcasting   | 3 4 |  4.7
Conjurations   | 3 4 |  4.6
Fire Magic     | 6 7 |  7.4
Fighting       | 2 |  2.5
Dodging        | 3 |  3.5
Invocations    | 3 4 |  4.3
Stealth        | |  2.6

Action                   |  1- 3 |  4- 6 || total
-------------------------+-------+-------++-------
 Cast: Foxfire           |       |     6 ||     6
       Fireball          |       |     2 ||     2
Evoke: Lightning rod     |     3 |       ||     3
       Wand              |       |     1 ||     1
  Use: Potion            |     1 |       ||     1
Dodge: Dodged            |       |     1 ||     1

Table legend: (Time is in decaauts)
 A = Elapsed time spent in this place.
 B = Non-inter-level travel time spent in this place.
 C = Inter-level travel time spent in this place.
 D = Time resting spent in this place.
 E = Time spent auto-exploring this place.
 F = Levels seen in this place.
 G = Mean time per level.
                   A        B        C        D        E       F      G
               +--------+--------+--------+--------+--------+-----+--------+
         Total |    639 |    639 |      0 |    537 |     17 |   1 |  639.0 |
       Dungeon |    639 |    639 |      0 |    537 |     17 |   1 |  639.0 |
               +--------+--------+--------+--------+--------+-----+--------+

Top non-repeatable levels by time:
       D: 639 daAuts
